 Dungeon Crawl Stone Soup version 0.26.0-10-g1f06aea511 (webtiles) character file.

Game seed: 11576138171201120198

86 Borgoz the Skirmisher (level 4, -3/43 HPs)
             Began as a Gargoyle Berserker on Jan 18, 2021.
             Was a Believer of Trog.
             Slain by Sigmund
             ... wielding a +0 scythe
              (9 damage)
             ... on level 2 of the Dungeon.
             The game lasted 00:01:12 (2012 turns).

Borgoz the Skirmisher (Gargoyle Berserker)          Turns: 2012, Time: 00:01:13

Health: -3/43      AC:  5    Str: 21    XL:     4   Next: 50%
Magic:  4/4        EV: 12    Int:  7    God:    Trog [**....]
Gold:   165        SH:  0    Dex: 10    Spells: 3/3 levels left

rFire    . . .     SeeInvis .   a - +0 mace
rCold    . . .     Faith    .   (no shield)
rNeg     + . .     Spirit   .   b - +0 animal skin
rPois    ∞         Reflect  .   (no helmet)
rElec    +         Harm     .   (no cloak)
rCorr    .         Rampage  .   (no gloves)
Will     .....                  (no boots)
Stlth    ..........             (no amulet)
HPRegen  0.14/turn              (no ring)
MPRegen  0.09/turn              (no ring)

@: berserking (expiring), very quick
A: negative energy resistance 1, electricity resistance, unbreathing,
petrification resistance, miasma immunity, AC +3
a: Renounce Religion, Berserk, Trog's Hand


You were on level 2 of the Dungeon.
You worshipped Trog.
Trog was pleased with you.
You visited 1 branch of the dungeon, and saw 2 of its levels.

You collected 165 gold pieces.

Inventory:

Hand Weapons
 a - a +0 mace (weapon)
Armour
 b - a +0 animal skin (worn)
 d - a +0 scale mail
Jewellery
 j - an uncursed amulet of reflection {unknown}
Scrolls
 e - a scroll of amnesia {unknown}
 f - a scroll of remove curse {unknown}
 i - 2 scrolls of identify {unknown}
Potions
 c - a potion of resistance {unknown}
 g - a potion of degeneration {unknown}
 h - 2 potions of curing {unknown}
 k - a potion of lignification {unknown}
 l - a potion of haste {unknown}


   Skills:
 + Level 4.0 Fighting
 + Level 3.6 Maces & Flails
 + Level 3.1 Armour
 + Level 2.3 Dodging


You had 3 spell levels left.
You didn't know any spells.
Your spell library was empty.

Dungeon Overview and Level Annotations

Branches:
Dungeon (2/15)

Altars:
Yredelemnul

Annotations:
D:2 Sigmund


Innate Abilities, Weirdness & Mutations

You are resistant to torment.
Your stone body is resilient. (AC +3)
You are immune to poison.
You resist negative energy. (rN+)
You are resistant to electric shocks. (rElec)
You can survive without breathing.
You are immune to petrification.
You are immune to miasma.


Message History

No target in view!
A red film seems to cover your vision as you go berserk!
You feel yourself moving faster!
You feel mighty!
You feel a strong urge to attack something.
An orc wizard comes into view. It is wielding a +0 dagger.
The orc wizard shouts!
You hear a shout!
The orc wizard points at you and mumbles some strange words.
The puff of frost hits you! Something hits you!
You thump something! You miss something. Something hits you but does no damage.
You miss something. You hit something.
The orc wizard casts a cantrip, but nothing happens.
Something hits you!
* * * LOW HITPOINT WARNING * * *
You miss something. You barely miss something.
The orc wizard gestures at you while chanting.
The puff of flame hits something!
Something hits you!
You die...

..#######
......?.####
....o.{....#
#@##.# #.##
#.##.#
#....##.##.#
......†..#.#
#######..#.######
#..#.....(#
#.#.#####.##
####.####..##
##.......#


You could see an orc wizard.

Vanquished Creatures
  3 adders (D:2)
  A worm (D:2)
  6 dart slugs
  2 leopard geckos (D:1)
  4 bats
  2 giant cockroaches (D:2)
  4 goblins
  6 hobgoblins
  2 jackals (D:2)
  3 kobolds
  A ball python (D:1)
  2 frilled lizards (D:1)
  2 gnoll zombies (D:2)
  7 rats
45 creatures vanquished.

Notes
Turn   | Place    | Note
-------+----------+-------------------------------------------
     0 | D:1      | Borgoz the Gargoyle Berserker began the quest for the Orb.
     0 | D:1      | Reached XP level 1. HP: 14/14 MP: 1/1
    86 | D:1      | Reached XP level 2. HP: 11/19 MP: 2/2
   672 | D:1      | Reached XP level 3. HP: 22/23 MP: 3/3
   750 | D:1      | Reached ** piety under Trog
  1120 | D:2      | Reached XP level 4. HP: 27/29 MP: 4/4
  1486 | D:2      | Found a basalt altar of Yredelemnul.
  1980 | D:2      | Reached skill level 4 in Fighting
  2003 | D:2      | Noticed Sigmund
  2012 | D:2      | Slain by Sigmund

Illustrated notes

Levels and vault maps discovered:
D:1:      lightli_arrival_farm, layout_rooms, minivault_5
D:2:      layout_loops_ring, lemuel_coloured_pillars_altar,
          lemuel_zombie_altar_yredelemnul, lightli_temple_of_fire, uniq_sigmund

Skill      XL: |  1  2  3  4 |
---------------+-------------+-----
Dodging        | 2 |  2.3
Armour         | 3 |  3.1
Fighting       | 4 |  4.0
Maces & Flails | |  3.6

Action                   |  1- 3 |  4- 6 || total
-------------------------+-------+-------++-------
Melee: Mace              |   102 |    44 ||   146
Invok: Berserk           |     2 |     1 ||     3
Armor: Animal skin       |    32 |    10 ||    42
Dodge: Dodged            |    71 |    17 ||    88
